 Dungeon Crawl Stone Soup version 0.28.0-1-gb440e238dd (webtiles) character file.

Game seed: 2099935283876353397

158 Golzeb the Stinger (level 5, 0/42 HPs)
             Began as a Naga Venom Mage on Feb 19, 2022.
             Slain by an orc (3 damage)
             ... on level 3 of the Dungeon.
             The game lasted 00:11:57 (4215 turns).

Golzeb the Stinger (Naga Venom Mage)                Turns: 4215, Time: 00:11:58

Health: 0/42       AC:  2    Str: 10    XL:     5   Next: 40%
Magic:  4/8        EV: 10    Int: 17    God:
Gold:   101        SH:  0    Dex: 12    Spells: 4/8 levels left

rFire   . . .      SeeInvis +   a - +2 dagger (speed)
rCold   . . .      Faith    .   (no shield)
rNeg    . . .      Spirit   .   b - +0 robe
rPois   +          Reflect  .   (no helmet)
rElec   .          Harm     .   (no cloak)
rCorr   .          Rampage  .   (no gloves)
Will    +....                   (no barding)
Stlth   +++.......              (no amulet)
HPRegen 0.14/turn               c - ring of willpower
MPRegen 0.11/turn               (no ring)

@: very slightly contaminated, very slow
A: AC +1, large, see invisible, deformed body, poison resistance, slowness 2,
spit poison 1, naga tail 1
a: Spit Poison


You were on level 3 of the Dungeon.
You visited 1 branch of the dungeon, and saw 3 of its levels.

You collected 101 gold pieces.

Inventory:

Hand Weapons
 a - a +2 dagger of speed (weapon)
Armour
 b - a +0 robe (worn)
Jewellery
 c - a ring of willpower (left hand)
 h - an amulet of guardian spirit
Scrolls
 d - 2 scrolls of acquirement {unknown}
 f - a scroll of blinking {unknown}
 g - 3 scrolls of identify {unknown}
Potions
 e - a potion of degeneration {unknown}
 i - a potion of might {unknown}
 j - a potion of haste {unknown}


   Skills:
 - Level 2.5 Dodging
 + Level 4.7 Stealth
 - Level 2.0 Spellcasting
 + Level 2.1 Transmutations
 + Level 1.7 Fire Magic
 + Level 5.0 Poison Magic


You had 4 spell levels left.
You knew the following spells:

 Your Spells              Type           Power      Damage    Failure   Level
a - Sting                 Tmut/Pois      52%        1d5       4%          1
b - Ignite Poison         Fire/Tmut/Pois 11%        N/A       17%         3

Your spell library contained the following spells:

 Spells                   Type           Power      Damage    Failure   Level
 Poisonous Vapours        Pois/Air       20%        N/A       11%         2
 Shock                    Conj/Air       4%         1d3       19%         1
 Olgreb's Toxic Radiance  Pois           18%        N/A       24%         4
 Static Discharge         Conj/Air       1%         N/A       28%         2
 Mephitic Cloud           Conj/Pois/Air  7%         N/A       28%         3
 Swiftness                Air            1%         N/A       50%         3
 Airstrike                Air            0%         N/A       88%         4
 Freezing Cloud           Conj/Ice/Air   0%         6-21      99%         5
 Lightning Bolt           Conj/Air       0%         1d11      99%         5
 Maxwell's Capacitive Co  Air            0%         ∞         100%        8


Dungeon Overview and Level Annotations

Branches:
Dungeon (3/15)

Altars:


Innate Abilities, Weirdness & Mutations

Your serpentine skin is tough. (AC +1)
You have supernaturally acute eyesight. (SInv)
Armour fits poorly on your strangely shaped body.
Your system is resistant to poisons. (rPois)
You cover ground very slowly.
You can spit poison.
You have a snake-like lower body.


Message History

Terence is heavily wounded.
The orc hits you but does no damage. The orc barely misses you.
Terence hits you with a +0 short sword.
* * * LOW HITPOINT WARNING * * *
You have got your breath back.
Terence hits you with a +0 short sword!
* * * LOW HITPOINT WARNING * * *
You hit Terence.
You kill Terence!
The orc hits you but does no damage. The orc barely misses you.
Your Poison Magic skill increases to level 5!
The orc hits you with a +0 dagger.
* * * LOW HITPOINT WARNING * * *
The orc closely misses you.
Things that are here:
a +0 short sword; a +0 chain mail; the human corpse of Terence The orc hits you but does no damage.
The orc misses you. The orc barely misses you.
The orc hits you with a +0 short sword.
* * * LOW HITPOINT WARNING * * *
Casting: Sting (safe; 4% risk of failure)
Confirm with . or Enter, or press ? or * to list all spells.
Aiming: Sting (safe; 4% risk of failure)
Press: ? - help, Shift-Dir - straight line, f - orc
Aim: an orc, wielding a +0 dagger and wearing a +0 leather armour (lightly wounded, 71% to hit)
The sting hits the orc but does no damage.
The orc is poisoned.
The orc is lightly wounded.
The orc hits you but does no damage. The orc hits you with a +0 dagger.
* * * LOW HITPOINT WARNING * * *
An orc comes into view. It is wielding a +0 falchion.
The orc shouts!
Casting: Sting (safe; 4% risk of failure)
Confirm with . or Enter, or press ? or * to list all spells.
Aiming: Sting (safe; 4% risk of failure)
Press: ? - help, Shift-Dir - straight line, f/p - orc
Aim: an orc, wielding a +0 dagger and wearing a +0 leather armour (heavily wounded, poisoned, 71% to hit)
You miscast Sting.
You are very lightly contaminated with residual magic.
Nothing appears to happen.
The orc hits you with a +0 short sword.
You die...

...........# ... #.#.#...
....#'#...##### ....#.. ..#.....
##+###.#.......# .....o....####..
.......'........ ................
.....#.#....(..# .........####...
...#.#.#.......##.........+......
...#.#.#.......##.........#####..
...#.#.#.......##.........#####..
'#.#'#.#'#####.o@................
............##.o.................
##.).......).....................
...............†.................
........................<........
...###+####...........#..........
...# #...#...#####.......... ...#
#........................ ...
#......................##


You could see 3 orcs.

Vanquished Creatures
  An iguana (D:2)
  Terence (D:3)
  A hound skeleton (D:3)
  2 adders
  An ufetubus (D:3)
  An adder zombie (D:3)
  2 worms
  2 dart slugs (D:1)
  2 orcs (D:3)
  4 ball pythons
  3 endoplasms
  2 giant cockroaches (D:2)
  4 goblins
  4 hobgoblins
  2 jackals (D:1)
  4 kobolds (D:2)
  3 quokkas
  4 bats
  3 frilled lizards
  A giant cockroach zombie (D:3)
  A quokka skeleton (D:3)
  8 rats
56 creatures vanquished.

Notes
Turn   | Place    | Note
-------+----------+-------------------------------------------
     0 | D:1      | Golzeb the Naga Venom Mage began the quest for the Orb.
     0 | D:1      | Reached XP level 1. HP: 15/15 MP: 3/3
   457 | D:1      | Reached XP level 2. HP: 22/22 MP: 3/5
  1562 | D:1      | Reached XP level 3. HP: 28/28 MP: 4/6
  1640 | D:2      | Found a faded altar of an unknown god.
  1919 | D:2      | Learned a level 3 spell: Ignite Poison
  2142 | D:2      | Reached XP level 4. HP: 35/36 MP: 4/7
  2981 | D:2      | Reached skill level 1 in Fire Magic
  3912 | D:3      | Reached XP level 5. HP: 30/42 MP: 8/8
  4175 | D:3      | Noticed Terence
  4207 | D:3      | Killed Terence
  4208 | D:3      | Reached skill level 5 in Poison Magic
  4213 | D:3      | HP: 2/42 [orc (2)]
  4215 | D:3      | Slain by an orc

Illustrated notes

Levels and vault maps discovered:
D:1:      minmay_arrival_radiant_lines, layout_loops_ring, minmay_ruptured
D:2:      layout_loops_corners, ebering_ecumenical_altar_webs, minivault_26
D:3:      layout_basic, serial_undead, serial_undead_d, serial_undead_a,
          serial_undead_e, serial_undead_c, serial_shops, shop, uniq_terence

Skill      XL: |  1  2  3  4  5 |
---------------+----------------+-----
Dodging        | 2 |  2.5
Stealth        | 4 |  4.7
Fire Magic     | 1 |  1.7
Transmutations | 2 |  2.1
Poison Magic   | 5 |  5.0
Spellcasting   | |  2.0

Action                   |  1- 3 |  4- 6 || total
-------------------------+-------+-------++-------
Melee: Unarmed           |     4 |       ||     4
       Dagger            |     4 |    60 ||    64
       Punch             |       |     1 ||     1
 Cast: Sting             |    31 |    43 ||    74
 Abil: Spit Poison       |     6 |     2 ||     8
Armor: Robe              |     1 |    26 ||    27
Dodge: Dodged            |    12 |    40 ||    52
